 Dungeon Crawl Stone Soup version 0.20.0-10-g0535bb4 (webtiles) character file.

13871 asdasd2 the Protected (level 11, 0/150 HPs)
             Began as a Minotaur Fighter on June 6, 2017.
             Was the Champion of Okawaru.
             Slain by Snorg (5 damage)
             ... on level 11 of the Dungeon.
             The game lasted 00:20:13 (12314 turns).

asdasd2 the Protected (Minotaur Fighter)           Turns: 12314, Time: 00:20:13

Health: 0/150      AC: 28    Str: 25    XL:     11   Next: 81%
Magic:  0/10       EV:  2    Int:  5    God:    Okawaru [******]
Gold:   615        SH:  0    Dex:  9    Spells: 10/10 levels left

rFire    . . .     SeeInvis .   M - +1 broad axe (pain)
rCold    . . .     Gourm    .   (no shield)
rNeg     + + +     Faith    .   (armour currently unavailable)
rPois    +         Spirit   +   (helmet currently unavailable)
rElec    .         Reflect  .   (cloak currently unavailable)
rCorr    .         Harm     .   (gloves currently unavailable)
MR       .....     NoTele   +   (boots currently unavailable)
Stlth    +.........             B - amulet of guardian spirit
Regen    0.4/turn               C - ring of flight
MPRegen  0.2/turn               G - +3 ring of protection

@: tree-form, drained
A: (retaliatory headbutt)
a: Heroism, Finesse, Renounce Religion


You were on level 11 of the Dungeon.
You worshipped Okawaru.
Okawaru was exalted by your worship.
You were full.
You were a tree.
You visited 2 branches of the dungeon, and saw 12 of its levels.

You collected 615 gold pieces.

Inventory:

Hand Weapons
 a - a +1 war axe
 J - a +0 flail of draining
 M - a +1 broad axe of pain (weapon)
Armour
 b - a +0 scale mail
 g - a +0 plate armour
 n - a +1 plate armour (melded)
 E - a +0 pair of gloves (melded)
Jewellery
 m - an uncursed ring of wizardry
 q - the amulet of Gyuf Yny {RegenMP rPois}
   (You found it on level 10 of the Dungeon)

   [amulet of magic regeneration]

   It increases your magic regeneration.
   It protects you from poison.
 B - an amulet of guardian spirit (around neck)
 C - a ring of flight (left branch)
 F - a cursed -3 ring of intelligence {unknown}
 G - a +3 ring of protection (right branch)
 I - an uncursed amulet of the gourmand
Wands
 c - a wand of random effects (31/48)
 d - a wand of clouds (3/9)
 o - a wand of random effects (23/48)
 y - a wand of iceblast (9/15)
 N - a wand of random effects (38/48)
Scrolls
 i - a scroll of magic mapping
 l - 3 scrolls of amnesia
 p - 2 scrolls of enchant weapon
 r - 5 scrolls of remove curse
 t - 4 scrolls of recharging
 u - 2 scrolls of enchant armour
 w - a scroll of teleportation
 x - a scroll of vulnerability {unknown}
 z - 5 scrolls of identify
Potions
 e - 2 potions of agility
 s - 3 potions of brilliance
 v - a potion of lignification
 D - a potion of ambrosia
 H - 5 potions of flight
Books
 A - a book of Necromancy

   Spells                             Type                      Level
   a - Pain                           Necromancy                   1
   b - Animate Skeleton               Necromancy                   1
   c - Vampiric Draining              Necromancy                   3
   d - Regeneration                   Charms/Necromancy            3
   e - Animate Dead                   Necromancy                   4
   f - Control Undead                 Necromancy                   4
 K - a book of Air

   Spells                             Type                      Level
   a - Shock                          Conjuration/Air              1
   b - Swiftness                      Charms/Air                   2
   c - Static Discharge               Conjuration/Air              3
   d - Airstrike                      Air                          4
   e - Lightning Bolt                 Conjuration/Air              5
 L - a book of Callings

   Spells                             Type                      Level
   a - Summon Small Mammal            Summoning                    1
   b - Call Imp                       Summoning                    2
   c - Call Canine Familiar           Summoning                    3
   d - Summon Guardian Golem          Hexes/Summoning              3
   e - Summon Lightning Spire         Summoning/Air                4
   f - Summon Ice Beast               Ice/Summoning                4
Comestibles
 f - 8 bread rations
 h - 5 meat rations


   Skills:
 + Level 10.3(10.0) Fighting
 + Level 14.1(13.8) Axes
 * Level 14.5(14.2) Armour
 + Level 1.6(1.4) Dodging
   Level 3.6(3.4) Shields


You had 10 spell levels left.
You didn't know any spells.

Dungeon Overview and Level Annotations

Branches:
Dungeon (11/15)            Temple (1/1) D:6            Lair (0/6) D:8
    Orc: D:9-12

Altars:
Ashenzari
Cheibriados
Dithmenos
Elyvilon
Fedhas
Gozag
Hepliaklqana
Kikubaaqudgha
Makhleb
Nemelex Xobeh
Okawaru
Qazlal
Ru
Sif Muna
Trog
Uskayaw
Vehumet
Xom
Yredelemnul
Zin
The Shining One

Annotations:
D:11 Snorg


Innate Abilities, Weirdness & Mutations

((You reflexively headbutt those who attack you in melee.))
((You have a pair of horns on your head.))


Message History

Here: Snorg (moderately wounded, berserk, fast, unusually strong)
The floor, spattered with blood.
There are monsters nearby!
Press: ? - help, v - describe, . - travel, g - get item A brightly glowing executioner's axe {god gift}.
The floor, spattered with blood.
Press: ? - help, v - describe, . - travel
Here: Snorg (moderately wounded, berserk, fast, unusually strong)
The floor, spattered with blood.
Okay, then.
You turn into a tree.
Your +0 pair of gloves melds into your body.
Your +1 plate armour melds into your body.
Your roots penetrate the ground.
The wight hits you from afar with a halberd.
* * * LOW HITPOINT WARNING * * *
Snorg bites you but does no damage. Snorg claws you.
* * * LOW HITPOINT WARNING * * *
Snorg claws you.
You die...

# ########### ##### ..
......... ....... #..
......# #...#.. #...
....(# #...#..
#....####....# #...#..
#.....)......# #......
#....zz♣.....# #......
......T......# #......
.............#####......
........................
.........}..............
#######################'
#.).....................
#(..................)...
#.(.....................


You could see Snorg (berserk) and 2 wights.

Vanquished Creatures
  2 two-headed ogres
  A catoblepas (D:11)
  A wolf spider zombie (D:10)
  An ugly thing (D:11)
  Maurice (D:8)
  3 centaur zombies (D:10)
  A kobold demonologist (D:11)
  2 gargoyles (D:11)
  A komodo dragon (D:10)
  2 hellwings (D:10)
  The ghost of Nattefrost the Slasher, an amateur DsGl of Ru (D:4)
  4 hippogriffs
  A wraith (D:10)
  A yak (D:11)
  A wyvern (D:8)
  A hungry ghost (D:8)
  A water moccasin (D:8)
  3 porcupines (D:8)
  2 ice beasts
  A sky beast (D:5)
  3 orc warriors
  2 eyes of draining
  2 phantoms
  5 black bears (D:8)
  A necrophage (D:8)
  2 ogres
  A crocodile (D:8)
  9 centaurs
  5 big kobolds
  A wyvern zombie (D:10)
  10 bullfrogs
  4 scorpions
  9 wights
  6 crimson imps
  A bullfrog zombie (D:11)
  5 hounds
  2 jellies
  7 orc priests
  3 bullfrog skeletons
  4 centaur skeletons
  2 iguanas
  13 orc wizards
  9 worker ants
  A hound skeleton (D:10)
  A gnoll (D:1)
  13 adders
  12 shadow imps
  2 oozes (D:1)
  An adder zombie (D:9)
  3 worms
  8 leopard geckos
  40 orcs
  8 bats
  5 giant cockroaches
  7 goblins
  7 hobgoblins
  14 jackals
  25 kobolds
  2 quokkas
  3 ball pythons
  7 frilled lizards
  9 rats
  A fungus (D:8)
306 creatures vanquished.

Vanquished Creatures (others)
  30 fungi (D:8)
  2 plants (D:8)
  7 withered plants (D:10)
39 creatures vanquished.

Grand Total: 345 creatures vanquished

Notes
Turn   | Place    | Note
-------+----------+-------------------------------------------
     0 | D:1      | asdasd2 the Minotaur Fighter began the quest for the Orb.
     0 | D:1      | Reached XP level 1. HP: 19/19 MP: 0/0
   177 | D:1      | Reached XP level 2. HP: 27/27 MP: 1/1
   578 | D:1      | Reached XP level 3. HP: 19/33 MP: 2/2
   747 | D:2      | Found a bloodstained altar of Trog.
   954 | D:2      | Found a glowing golden altar of the Shining One.
  1084 | D:2      | Found an iron altar of Okawaru.
  1093 | D:2      | Became a worshipper of Warmaster Okawaru
  1299 | D:2      | Reached XP level 4. HP: 39/41 MP: 3/3
  1504 | D:3      | Found a hide-covered altar of Uskayaw.
  1570 | D:3      | Reached skill level 5 in Armour
  2095 | D:3      | Found a stormy altar of Qazlal.
  2095 | D:3      | Found a glowing silver altar of Zin.
  2336 | D:4      | Noticed Nattefrost's ghost (amateur DsGl)
  2351 | D:4      | Killed Nattefrost's ghost
  2351 | D:4      | Reached * piety under Okawaru
  2351 | D:4      | Reached skill level 5 in Fighting
  2351 | D:4      | Reached XP level 5. HP: 18/48 MP: 4/4
  2351 | D:4      | Reached XP level 6. HP: 22/56 MP: 5/5
  2386 | D:4      | Reached skill level 5 in Axes
  2393 | D:4      | Found an ancient bone altar of Kikubaaqudgha.
  2921 | D:4      | Reached XP level 7. HP: 17/61 MP: 6/6
  3557 | D:5      | Entered Level 5 of the Dungeon
  3557 | D:5      | Found a bloodstained altar of Trog.
  3624 | D:5      | Reached ** piety under Okawaru
  3691 | D:5      | Found a stormy altar of Qazlal.
  4477 | D:6      | Found a basalt altar of Yredelemnul.
  4574 | D:6      | Found a sand-covered staircase.
  4632 | D:6      | Found a staircase to the Ecumenical Temple.
  4873 | D:6      | Reached XP level 8. HP: 58/70 MP: 7/7
  5497 | Temple   | Entered the Ecumenical Temple
  5789 | D:7      | Found a shimmering altar of Xom.
  5791 | D:7      | Found a shimmering altar of Xom.
  5791 | D:7      | Found a shimmering altar of Xom.
  5791 | D:7      | Found a shimmering altar of Xom.
  5804 | D:7      | Found a shimmering altar of Xom.
  5804 | D:7      | Found a shimmering altar of Xom.
  5869 | D:7      | Found a shimmering altar of Xom.
  6121 | D:7      | Found a shimmering altar of Xom.
  6123 | D:7      | Noticed an orb spider
  6133 | D:7      | Noticed a troll
  6134 | D:7      | Noticed a fire crab
  6134 | D:7      | a troll changed into a fire crab
  6136 | D:7      | Noticed a cyclops
  6136 | D:7      | a fire crab changed into a cyclops
  6361 | D:7      | Noticed a jumping spider
  6418 | D:8      | Reached *** piety under Okawaru
  6538 | D:8      | Noticed Maurice
  6576 | D:8      | Killed Maurice
  6636 | D:8      | Reached skill level 10 in Armour
  6636 | D:8      | Reached XP level 9. HP: 77/78 MP: 8/8
  6742 | D:8      | Reached **** piety under Okawaru
  6743 | D:8      | Reached skill level 10 in Axes
  7543 | D:7      | Noticed a komodo dragon
  7543 | D:7      | a floating eye changed into a komodo dragon
  7544 | D:7      | Noticed a manticore
  7613 | D:8      | Found a staircase to the Lair.
  7651 | D:8      | Reached ***** piety under Okawaru
  7718 | D:8      | Reached XP level 10. HP: 80/88 MP: 9/9
  8020 | D:8      | Received a gift from Okawaru
  8213 | D:9      | Found a shattered altar of Ashenzari.
  8216 | D:9      | Reached skill level 1 in Dodging
  8592 | D:9      | Noticed a two-headed ogre
  8608 | D:9      | Killed a two-headed ogre
  8800 | D:10     | Entered Level 10 of the Dungeon
  9594 | D:10     | Reached XP level 11. HP: 82/97 MP: 7/10
  9731 | D:10     | Got a vibrating tin amulet
  9981 | D:10     | Identified the amulet of Gyuf Yny {RegenMP rPois} (You found it on level 10 of the Dungeon)
 10062 | D:11     | Found a glowing golden altar of the Shining One.
 10120 | D:11     | Reached ****** piety under Okawaru
 10182 | D:11     | Noticed a red ugly thing
 10354 | D:11     | Noticed a two-headed ogre
 10367 | D:11     | Killed a two-headed ogre
 10379 | D:11     | Received a gift from Okawaru
 10710 | D:11     | Killed a red ugly thing
 10782 | D:11     | Noticed Snorg
 11294 | D:11     | Reached skill level 10 in Fighting
 11742 | D:11     | Noticed a catoblepas
 11763 | D:11     | Killed a catoblepas
 12309 | D:11     | Received a gift from Okawaru
 12314 | D:11     | HP: 5/150 [Snorg (6)]
 12314 | D:11     | Slain by Snorg

Skill      XL: |  1  2  3  4  5  6  7  8  9 10 11 |
---------------+----------------------------------+-----
Fighting       | 4 5 6 7 9 10 | 10.3
Armour         | 4 6 7 8 10 11 13 14 | 14.5
Axes           | 3 4 5 7 9 10 12 14 | 14.1
Dodging        | 1 |  1.6
Shields        | |  3.6

Action                   |  1- 3 |  4- 6 |  7- 9 | 10-12 || total
-------------------------+-------+-------+-------+-------++-------
Melee: War axe           |    75 |   139 |   318 |   486 ||  1018
       Headbutt          |    12 |    22 |    54 |   109 ||   197
       Broad axe         |       |       |       |    29 ||    29
Invok: Heroism           |       |       |       |     1 ||     1
  Use: Scroll            |     4 |     7 |     6 |    10 ||    27
       Potion            |       |     2 |     3 |    10 ||    15
  Eat: Chunk             |     1 |     5 |    10 |     8 ||    24
       Royal jelly       |       |       |     5 |     1 ||     6
       Fruit             |       |       |       |    10 ||    10
Armor: Scale mail        |     4 |       |       |       ||     4
       Plate armour      |    58 |   106 |   275 |   424 ||   863
       Skin              |       |       |       |     1 ||     1
Dodge: Dodged            |    34 |    43 |   104 |   245 ||   426
